 Dungeon Crawl Stone Soup version 0.25-a0-707-g603da07 (webtiles) character file.

Game seed: 15820509723184141922, levelgen mode: deterministic

177 MrTaco21 the Cudgeler (level 5, -6/32 HPs)
             Began as a Gargoyle Fighter on Apr 4, 2020.
             Killed by divine providence
             ... invoked by an orc priest
              (14 damage)
             ... on level 3 of the Dungeon.
             The game lasted 00:02:49 (2308 turns).

MrTaco21 the Cudgeler (Gargoyle Fighter)            Turns: 2308, Time: 00:02:49

Health: -6/32      AC: 12    Str: 21    XL:     5   Next: 57%
Magic:  5/5        EV:  7    Int:  8    God:
Gold:   144        SH:  9    Dex:  9    Spells: 4/4 levels left

rFire    . . .     SeeInvis .   a - +0 flail
rCold    . . .     Gourm    .   c - +0 kite shield
rNeg     + . .     Faith    .   b - +0 scale mail
rPois    ∞         Spirit   .   (no helmet)
rElec    +         Reflect  .   (no cloak)
rCorr    .         Harm     .   t - +0 pair of gloves (curse)
MR       .....                  (no boots)
Stlth    ..........             (no amulet)
HPRegen  0.10/turn              k - ring of attention (curse)
MPRegen  0.09/turn              (no ring)

@: no status effects
A: negative energy resistance 1, electricity resistance, unbreathing,
petrification resistance, rot immunity, AC +4
a: no special abilities


You were on level 3 of the Dungeon.
You were not hungry.

You visited 1 branch of the dungeon, and saw 3 of its levels.

You collected 144 gold pieces.

Inventory:

Hand Weapons
 a - a +0 flail (weapon)
Missiles
 f - 23 poisoned darts (quivered)
Armour
 b - a +0 scale mail (worn)
 c - a +0 kite shield (worn)
 t - a cursed +0 pair of gloves (worn)
   (You found it on level 3 of the Dungeon)
Jewellery
 k - a cursed ring of attention (left hand)
   (You found it on level 2 of the Dungeon)
Wands
 x - a wand of acid (9)
   (You found it on level 3 of the Dungeon)
Scrolls
 i - a scroll of enchant armour {unknown}
 n - 2 scrolls of amnesia {unknown}
 o - 2 scrolls of remove curse {unknown}
 p - a scroll of magic mapping {unknown}
 q - a scroll of enchant weapon {unknown}
 s - a scroll of noise {unknown}
Potions
 d - a potion of might
 h - 2 potions of heal wounds {unknown}
 j - a potion of haste {@q3}
 l - a potion of flight {unknown}
 m - a potion of ambrosia {unknown}
 r - a potion of curing {unknown}
Comestibles
 e - 4 rations {!d}
 g - a chunk of flesh


   Skills:
 - Level 3.2 Fighting
 + Level 5.6 Maces & Flails
 - Level 3.2 Armour
 - Level 3.2 Shields


You had 4 spell levels left.
You didn't know any spells.
Your spell library was empty.

Dungeon Overview and Level Annotations

Branches:
Dungeon (3/15)

Altars:
Fedhas
Uskayaw
Xom

Annotations:
D:3 3 runed translucent doors, mezmerelda's ghost, amateur TrMo


Innate Abilities, Weirdness & Mutations

You are resistant to torment.
Your stone body is resilient. (AC +4)
You are immune to poison.
You resist negative energy. (rN+)
You are resistant to electric shocks. (rElec)
You can survive without breathing.
You are immune to petrification.
You are immune to rotting.


Message History

You kill the orc!
The gnoll throws a stone.
The stone barely misses you.
The gnoll shouts!
The gnoll throws a stone.
The stone hits you but does no damage.
You see here a stone.
The gnoll shouts!
You sock the gnoll! The gnoll hits you with a +0 flail.
You hit the gnoll.
You kill the gnoll!
The orc priest shouts!
The gnoll hits you but does no damage.
Things that are here:
a +0 flail; 17 stones; a gnoll corpse You hit the gnoll.
The gnoll hits you but does no damage. You block the gnoll's attack.
You closely miss the gnoll. You block the gnoll's attack.
The gnoll hits you but does no damage. x2
You closely miss the gnoll. You block the gnoll's attack.
The gnoll hits you with a +0 flail. The gnoll barely misses you.
You block the gnoll's attack.
The gnoll hits you from afar with a +0 halberd.
You hit the gnoll. The gnoll hits you but does no damage.
The gnoll barely misses you. The gnoll hits you but does no damage.
You thump the gnoll!
You kill the gnoll!
The gnoll hits you but does no damage.
The orc priest hits you but does no damage.
You block the gnoll's attack.
You hit the orc priest but do no damage.
The gnoll hits you but does no damage. The orc priest hits you with a +0 club.
The gnoll hits you from afar with a +0 halberd.
You hit the orc priest but do no damage.
The gnoll hits you but does no damage.
The orc priest hits you but does no damage.
The gnoll hits you from afar with a +0 halberd.
* * * LOW HITPOINT WARNING * * *
You are too injured to fight recklessly!
You closely miss the orc priest. You block the gnoll's attack.
The orc priest calls down the wrath of Beogh upon you.
You are unaffected.
You block the gnoll's attack. The gnoll hits you but does no damage.
You closely miss the orc priest.
The orc priest hits you but does no damage.
You block the gnoll's attack.
The gnoll hits you from afar with a +0 halberd!
* * * LOW HITPOINT WARNING * * *
You hit the orc priest.
The orc priest calls down the wrath of Beogh upon you.
Beogh smites you!
You die... #.. .....# #.###.#..# '.. #....#..#.. ..#o........ #.###....#..#######g#####.## #.†....#.#...... .oK

#(# #.#.#..... ..gg # #.#
#.#.#.... ..g..
######(####.#.#gg. ...g...
.......#......#.o# ##....
.....(........#.@#### .
.....(##......###...# ...
....(.........###(..#.....
..................()......
.............####..(......
........###### #######...
####....# .. #....# #....#


You could see an orc priest and 2 gnolls.

Vanquished Creatures
  A howler monkey (D:3)
  2 gnolls (D:3)
  2 adders (D:3)
  An ooze (D:3)
  4 worms
  2 leopard geckos
  5 orcs (D:3)
  8 bats
  3 giant cockroaches
  10 goblins
  8 hobgoblins
  4 jackals
  14 kobolds
  2 quokkas
  2 ball pythons
  4 frilled lizards (D:1)
  10 rats
82 creatures vanquished.

Notes
Turn   | Place    | Note
-------+----------+-------------------------------------------
     0 | D:1      | MrTaco21 the Gargoyle Fighter began the quest for the Orb.
     0 | D:1      | Reached XP level 1. HP: 14/14 MP: 1/1
    98 | D:1      | Reached XP level 2. HP: 19/19 MP: 2/2
   164 | D:1      | Reached skill level 3 in Maces & Flails
   277 | D:1      | You fall into a shaft and drop 1 floor!
   323 | D:2      | Reached XP level 3. HP: 23/23 MP: 3/3
  1050 | D:1      | Reached skill level 4 in Maces & Flails
  1182 | D:1      | Reached XP level 4. HP: 26/28 MP: 4/4
  1588 | D:3      | Found a shimmering altar of Xom.
  1590 | D:3      | Found a blossoming altar of Fedhas.
  1590 | D:3      | Found a hide-covered altar of Uskayaw.
  1881 | D:3      | Reached skill level 5 in Maces & Flails
  1889 | D:3      | Reached XP level 5. HP: 18/32 MP: 5/5
  2132 | D:3      | Found a runed translucent gate.
  2132 | D:3      | Found a runed translucent gate.
  2132 | D:3      | Found a runed translucent gate.
  2146 | D:3      | Noticed mezmerelda's ghost (amateur TrMo)
  2308 | D:3      | Killed from afar by an orc priest

Levels and vault maps discovered:
D:1:      mrwooster_arrival_statue_3, layout_basic, minmay_tromino_i4
D:2:      layout_loops_ring, minmay_3d_cube
D:3:      layout_basic, chequers_temple_overflow_statue_of_worship,
          serial_curves, eino_curves_02, eino_curves_01,
          gammafunk_ghost_necromancy, hangedman_decor_push,
          minmay_misc_feat_diagonals, kennysheep_generic_room_11

Skill      XL: |  1  2  3  4 |
---------------+-------------+-----
Maces & Flails | 3 4 5 |  5.6
Fighting       | |  3.2
Armour         | |  3.2
Shields        | |  3.2

Action                   |  1- 3 |  4- 6 || total
-------------------------+-------+-------++-------
Melee: Flail             |   159 |   132 ||   291
  Eat: Chunk             |     1 |     4 ||     5
Armor: Scale mail        |    94 |    85 ||   179
Dodge: Dodged            |    73 |    42 ||   115
Block: Kite shield       |    74 |    85 ||   159

Table legend:
 A = Non-vault XP
 B = Vault XP
 C = Vault XP percentage of total XP
 D = Non-vault monster count
 E = Vault monster count
 F = Vault count percentage of total count
                 A         B        C        D         E       F
            +---------+---------+-------+---------+---------+-------
      Total |     245 |       8 |   3.2 |      78 |       4 |   4.9
            +---------+---------+-------+---------+---------+-------
        D:1 |      42 |       1 |   2.3 |      28 |       1 |   3.4
        D:2 |      43 |       1 |   2.3 |      22 |       1 |   4.3
        D:3 |     160 |       6 |   3.6 |      28 |       2 |   6.7
            +---------+---------+-------+---------+---------+-------
